 Dungeon Crawl Stone Soup version 0.21.1-1-g345015fe64 (webtiles) character file.

450 Htamos the Thaumaturge (level 6, 0/28 HPs)
             Began as a Spriggan Conjurer on July 13, 2018.
             Slain by a centaur zombie (6 damage)
             ... on level 5 of the Dungeon.
             The game lasted 00:11:05 (6575 turns).

Htamos the Thaumaturge (Spriggan Conjurer)          Turns: 6575, Time: 00:11:06

Health: 0/28       AC:  2    Str:  4    XL:     6   Next: 74%
Magic:  13/18      EV: 18    Int: 19    God:
Gold:   141        SH:  0    Dex: 16    Spells: 20/21 levels left

rFire    . . .     SeeInvis +   w - +0 short sword (flame)
rCold    . . .     Gourm    .   (shield restricted)
rNeg     . . .     Faith    .   a - +0 robe
rPois    .         Spirit   .   (helmet restricted)
rElec    .         Reflect  .   (no cloak)
rCorr    .         Harm     .   (gloves unavailable)
MR       +....                  (boots unavailable)
Stlth    ++........             (no amulet)
HPRegen  0.09/turn              (no ring)
MPRegen  0.16/turn              (no ring)

@: very quick
A: very small, unfitting armour, see invisible, herbivore, speed 3, slow
metabolism 2
a: no special abilities


You were on level 5 of the Dungeon.
You were hungry.

You visited 1 branch of the dungeon, and saw 6 of its levels.

You collected 141 gold pieces.

Inventory:

Hand Weapons
 h - a +0 dagger
 m - a +0 hunting sling
 w - a +0 short sword of flaming (weapon)
Missiles
 e - 88 stones (quivered)
 f - 23 bolts
 i - 21 arrows
 v - 23 poisoned needles
 y - 30 sling bullets
Armour
 a - a +0 robe (worn)
 u - a +0 pair of gloves
Jewellery
 p - an uncursed ring of see invisible {unknown}
 C - a +3 ring of protection {unknown}
Wands
 D - a wand of digging (8)
 K - a wand of acid (9)
Scrolls
 d - 2 scrolls of teleportation {unknown}
 k - a scroll of enchant weapon {unknown}
 l - 2 scrolls of immolation {unknown}
 n - a scroll of amnesia {unknown}
 o - a scroll of remove curse {unknown}
 r - a scroll of magic mapping {unknown}
 s - 2 scrolls of fog {unknown}
 t - a scroll of random uselessness {unknown}
 x - 2 scrolls of fear {unknown}
 A - a scroll of noise {unknown}
 F - a scroll of enchant armour {unknown}
 G - a scroll of identify {unknown}
Potions
 g - a potion of cancellation {unknown}
 j - a potion of might {unknown}
 q - a potion of magic {unknown}
 z - a potion of curing {unknown}
 B - a potion of lignification {unknown}
 E - 2 potions of agility {unknown}
 H - a potion of flight {unknown}
 I - a potion of degeneration {unknown}
 J - a potion of haste {unknown}
 L - a potion of heal wounds {unknown}
Books
 b - a book of Conjurations

   Spells                             Type                      Level
   a - Magic Dart                     Conjuration                  1
   b - Searing Ray                    Conjuration                  2
   c - Dazzling Spray                 Conjuration/Hexes            3
   d - Fulminant Prism                Conjuration/Hexes            4
   e - Force Lance                    Conjuration/Translocation    4
   f - Iskenderun's Mystic Blast      Conjuration                  4
Comestibles
 c - 5 rations


   Skills:
 - Level 3.0 Dodging
 - Level 3.0 Stealth
 - Level 8.1 Spellcasting
 + Level 3.7 Conjurations


You had 20 spell levels left.
You knew the following spells:

 Your Spells              Type           Power        Failure   Level  Hunger
a - Magic Dart            Conj           ###.         1%          1    None


Dungeon Overview and Level Annotations

Branches:
Dungeon (6/15)
 Temple: D:4-7

Altars:
Ashenzari
Cheibriados
Gozag
Qazlal
Uskayaw
Yredelemnul
Zin

Annotations:
D:4 smiqu's ghost, novice GrFi


Innate Abilities, Weirdness & Mutations

You are very small and have problems with some larger weapons.
You are too small for most types of armour.
You have supernaturally acute eyesight. (SInv)
You are a herbivore.
You cover ground extremely quickly.
You need consume almost no food.


Message History

Confirm with . or Enter, or press ? or * to list all spells.
Aiming: Magic Dart
Press: ? - help, Shift-Dir - straight line, f/p - centaur zombie
Aim: a centaur zombie (moderately damaged)
The magic dart hits the centaur zombie.
The centaur zombie is moderately damaged.
The centaur zombie misses you.
You hit the centaur zombie. You burn the centaur zombie.
The centaur zombie is heavily damaged.
The centaur zombie hits you.
* * * LOW HITPOINT WARNING * * *
The centaur zombie closely misses you.
You hit the centaur zombie but do no damage.
The centaur zombie is heavily damaged.
The centaur zombie hits you.
* * * LOW HITPOINT WARNING * * *
You hit the centaur zombie. You burn the centaur zombie.
The centaur zombie is severely damaged.
The centaur zombie hits you.
You die...

#.#.#.#.#..#
#.#.....#..#
#.#######..#
.####..........#
...............######
.....................
#####.###......######
#.# ##.....##### #.#
#.....Z@..#
#.####....####.#
#..............#
#######...######
#......l# #Z###...#
#.###...# #Z#.....#
#.#.##.>#


You could see a centaur zombie.

Vanquished Creatures
  A wyvern zombie (D:3)
  2 hounds
  2 jellies (D:5)
  Jessica (D:2)
  Natasha (D:2)
  3 gnolls (D:3)
  6 adders
  3 adder skeletons (D:4)
  4 worms
  4 dart slugs
  3 leopard geckos
  7 orcs
  A ball python (D:2)
  8 bats
  5 giant cockroaches
  8 goblins
  9 hobgoblins
  3 jackals (D:3)
  8 kobolds
  2 quokkas
  6 frilled lizards
  A quokka skeleton (D:4)
  6 rats
94 creatures vanquished.

Notes
Turn   | Place    | Note
-------+----------+-------------------------------------------
     0 | D:1      | Htamos the Spriggan Conjurer began the quest for the Orb.
     0 | D:1      | Reached XP level 1. HP: 9/9 MP: 5/5
    82 | D:1      | Reached skill level 3 in Spellcasting
   246 | D:1      | Reached XP level 2. HP: 13/13 MP: 5/7
   437 | D:1      | Reached skill level 4 in Spellcasting
   970 | D:1      | Reached XP level 3. HP: 16/16 MP: 6/9
  1512 | D:2      | Reached skill level 5 in Spellcasting
  1515 | D:2      | Noticed Jessica
  1528 | D:2      | Killed Jessica
  1528 | D:2      | Reached XP level 4. HP: 15/21 MP: 0/12
  1685 | D:2      | Found a hide-covered altar of Uskayaw.
  1687 | D:2      | Found a shattered altar of Ashenzari.
  2149 | D:2      | Found a basalt altar of Yredelemnul.
  2204 | D:2      | Noticed Natasha
  2208 | D:2      | Killed Natasha
  2208 | D:2      | Reached skill level 6 in Spellcasting
  2550 | D:3      | Reached XP level 5. HP: 15/24 MP: 7/14
  2921 | D:3      | Reached skill level 7 in Spellcasting
  3131 | D:3      | Found a glowing silver altar of Zin.
  3131 | D:3      | Found an opulent altar of Gozag.
  3552 | D:3      | Found a stormy altar of Qazlal.
  3792 | D:3      | Reached XP level 6. HP: 17/28 MP: 4/17
  3993 | D:3      | Reached skill level 8 in Spellcasting
  4834 | D:4      | Noticed smiqu's ghost (novice GrFi)
  5037 | D:4      | Found a snail-covered altar of Cheibriados.
  5749 | D:5      | Entered Level 5 of the Dungeon
  6575 | D:5      | Slain by a centaur zombie

Skill      XL: |  1  2  3  4  5  6 |
---------------+-------------------+-----
Spellcasting   | 3 4 5 6 7 8 |  8.1
Conjurations   | 3 |  3.7
Dodging        | |  3.0
Stealth        | |  3.0

Action                   |  1- 3 |  4- 6 || total
-------------------------+-------+-------++-------
Melee: Dagger            |     1 |       ||     1
       Short sword       |       |    12 ||    12
 Cast: Magic Dart        |    79 |   276 ||   355
  Eat: Ration            |       |     1 ||     1
Armor: Robe              |     1 |     5 ||     6
Dodge: Dodged            |     4 |    62 ||    66
